 Dungeon Crawl Stone Soup version 0.20-a0-927-g1ae2c61 (webtiles) character file.

189 lauthentik the Ruffian (level 5, -3/40 HPs)
             Began as a Draconian Transmuter on Mar 29, 2017.
             Slain by Grinder (5 damage)
             ... on level 3 of the Dungeon.
             The game lasted 00:14:31 (3654 turns).

lauthentik the Ruffian (Draconian Transmuter)       Turns: 3654, Time: 00:14:32

Health: -3/40      AC:  5    Str: 12    XL:     5   Next: 40%
Magic:  9/9        EV: 13    Int: 15    God:
Gold:   195        SH:  0    Dex: 11    Spells: 6/9 levels left

rFire    . . .     SeeInvis .     - Unarmed
rCold    . . .     Gourm    .   (no shield)
rNeg     . . .     Faith    .   (armour unavailable)
rPois    .         Spirit   .   (helmet restricted)
rElec    .         Reflect  .   (no cloak)
rCorr    .         Harm     .   (no gloves)
MR       .....                  (boots currently unavailable)
Stlth    +.........             (no amulet)
Regen    0.2/turn               (no ring)
MPRegen  0.2/turn               (no ring)

@: appendage (expiring)
A: unfitting armour, talons 3, cold-blooded, AC +5
a: End Transformation


You were on level 3 of the Dungeon.
You were not hungry.
You had grown temporary talons.
You visited 1 branch of the dungeon, and saw 3 of its levels.

You collected 195 gold pieces.

Inventory:

Missiles
 a - 13 arrows
 j - 51 stones (quivered)
Scrolls
 g - 4 scrolls of identify {unknown}
 h - a scroll of amnesia {unknown}
 n - a scroll of blinking {unknown}
 p - a scroll of recharging
 q - 2 scrolls of magic mapping {unknown}
Potions
 d - a potion of agility {unknown}
 e - 2 potions of degeneration {unknown}
 f - 2 potions of berserk rage {unknown}
 i - a potion of lignification {unknown}
 k - a potion of invisibility {unknown}
 l - a potion of magic {unknown}
 m - a potion of heal wounds {unknown}
 s - a potion of brilliance {unknown}
Books
 b - a book of Changes

   Spells                             Type                      Level
   a - Beastly Appendage              Transmutation                1
   b - Sticks to Snakes               Transmutation                2
   c - Spider Form                    Transmutation/Poison         3
   d - Ice Form                       Ice/Transmutation            4
   e - Blade Hands                    Transmutation                5
Comestibles
 c - 2 bread rations
 o - 6 fruits
 r - a meat ration
 t - 4 chunks of flesh


   Skills:
 + Level 1.1 Fighting
 + Level 0.3 Throwing
 + Level 2.8 Dodging
 + Level 0.6 Stealth
 + Level 4.4 Unarmed Combat
 + Level 2.9 Spellcasting
 + Level 2.8 Transmutations


You had 6 spell levels left.
You knew the following spells:

 Your Spells              Type           Power        Failure   Level  Hunger
a - Beastly Appendage     Tmut           ##....       8%          1    #......
b - Sticks to Snakes      Tmut           ##......     12%         2    ##.....


Dungeon Overview and Level Annotations

Branches:
Dungeon (3/15)

Altars:
Cheibriados
Gozag
Trog
The Shining One

Annotations:
D:3 Grinder


Innate Abilities, Weirdness & Mutations

Your plain brown scales are hard. (AC +5)
You cannot fit into any form of body armour.
You are cold-blooded and may be slowed by cold attacks.
You have claws for feet.


Message History

Grinder is lightly wounded.
Grinder closely misses you.
The jackal bites you but does no damage.
You closely miss Grinder.
Grinder is lightly wounded.
The jackal barely misses you. Grinder hits you!
* * * LOW HITPOINT WARNING * * *
You writhe in agony.
* * * LOW HITPOINT WARNING * * *
You closely miss Grinder. Your kick misses Grinder.
Your tail-slap misses Grinder.
Grinder is lightly wounded.
The jackal barely misses you. Grinder hits you!
* * * LOW HITPOINT WARNING * * *
The jackal misses you.
You hit the jackal.
You kill the jackal!
Your transformation is almost over.
Grinder hits you.
You die...

....# ≈≈##
#..#########≈≈#
#..........#≈≈##
#........(.'...#
#.........)(...#
#........(.'...#
#..(.(..)..#≈≈)#
#.)#########≈≈.#
#..#.@†#..≈≈≈#(#
#..'..5'(.≈≈≈..#
####...#.)≈≈#)##
#####.(≈≈#.#
......≈≈#.########
...(.≈≈≈....#.....
≈≈≈≈≈≈≈..(........
≈≈≈≈≈≈..(..(......
####.............


You could see Grinder.

Vanquished Creatures
  An iguana (D:3)
  2 gnolls (D:2)
  6 adders
  An ooze (D:3)
  2 worms
  A dart slug (D:2)
  3 leopard geckos
  An orc (D:3)
  2 ball pythons
  2 giant cockroaches
  10 goblins
  6 hobgoblins
  6 jackals
  9 kobolds
  3 quokkas
  11 bats
  3 frilled lizards
  9 rats
78 creatures vanquished.

Vanquished Creatures (collateral kills)
  A gnoll (D:2)
1 creature vanquished.

Grand Total: 79 creatures vanquished

Notes
Turn   | Place    | Note
-------+----------+-------------------------------------------
     0 | D:1      | lauthentik the Draconian Transmuter began the quest for the Orb.
     0 | D:1      | Reached XP level 1. HP: 16/16 MP: 3/3
   140 | D:1      | Reached XP level 2. HP: 5/23 MP: 3/5
   152 | D:1      | Learned a level 2 spell: Sticks to Snakes
   815 | D:1      | Reached XP level 3. HP: 16/28 MP: 6/6
  1624 | D:2      | Reached skill level 4 in Unarmed Combat
  1903 | D:1      | Reached XP level 4. HP: 33/35 MP: 3/7
  2704 | D:2      | Found a bloodstained altar of Trog.
  2704 | D:2      | Found a snail-covered altar of Cheibriados.
  2892 | D:3      | Found an opulent altar of Gozag.
  2892 | D:3      | Found a glowing golden altar of the Shining One.
  3027 | D:3      | Reached XP level 5. HP: 18/40 MP: 9/9
  3174 | D:3      | Noticed Grinder
  3496 | D:3      | Paralysed by Grinder for 4 turns
  3653 | D:3      | HP: 2/40 [Grinder (7)]
  3654 | D:3      | Slain by Grinder

Vault maps used:
D:1:      scummos_arrival_star, minmay_misc_feat_x, minmay_stone_trees_small
D:2:      gammafunk_temple_overflow_pools
D:3:      kennysheep_goblin_castle, gammafunk_temple_overflow_elements,
          uniq_grinder

Skill      XL: |  1  2  3 |
---------------+----------+-----
Dodging        | 2 |  2.8
Unarmed Combat | 4 |  4.4
Fighting       | |  1.1
Throwing       | |  0.3
Stealth        | |  0.6
Spellcasting   | |  2.9
Transmutations | |  2.8

Action                   |  1- 3 |  4- 6 || total
-------------------------+-------+-------++-------
Melee: Unarmed           |   159 |   161 ||   320
       Headbutt          |    12 |     1 ||    13
       Tailslap          |    12 |    17 ||    29
       Punch             |     2 |     2 ||     4
       Kick              |     1 |     6 ||     7
Throw: Stone             |       |    25 ||    25
       Throwing net      |       |     1 ||     1
 Cast: Beastly Appendage |    12 |    15 ||    27
       Sticks to Snakes  |     3 |     8 ||    11
  Use: Scroll            |       |     1 ||     1
  Eat: Chunk             |     2 |     3 ||     5
       Meat ration       |     1 |       ||     1
Armor: Skin              |    66 |    60 ||   126
Dodge: Dodged            |   124 |   158 ||   282
